 Dungeon Crawl Stone Soup version 0.30-a0-1163-gf69bf04e7a (webtiles) character file.

Game seed: 17505614433795802746

74 NinjaNoafa the Ducker (level 4, -3/27 (37) HPs)
             Began as a Merfolk Monk on Apr 28, 2023.
             Slain by Terence
             ... wielding a +1 flail of draining
              (10 damage)
             ... on level 2 of the Dungeon.
             The game lasted 00:02:08 (871 turns).

NinjaNoafa the Ducker (Merfolk Monk)                 Turns: 871, Time: 00:02:08

HP:   -3/27 (37)    AC:  3    Str: 11    XL:     4   Next: 28%
MP:   4/4           EV: 14    Int:  9    God:
Gold: 32            SH:  0    Dex: 18    Spells: 3/3 levels left

rFire   + . .        a - +0 short sword
rCold   . . .        d - orb {light}
rNeg    . . .        b - +0 robe
rPois   .            l - +0 helmet
rElec   .            (no cloak)
rCorr   .            (no gloves)
SInv    .            (no boots)
Will    .....        (no amulet)
Stlth   +            h - ring of protection from fire
HPRegen 0.24/turn    (no ring)
MPRegen 0.09/turn

%: no passive effects
@: glowing, very heavily drained
A: (nimble swimmer 2), mertail
a: no special abilities


You were on level 2 of the Dungeon.
You visited 1 branch of the dungeon, and saw 2 of its levels.

You collected 32 gold pieces.

Inventory:

Hand Weapons
 a - a +0 short sword (weapon)
Missiles
 j - 2 poisoned darts (quivered)
Armour
 b - a +0 robe (worn)
 d - an orb of light (worn)
 l - a +0 helmet (worn)
Jewellery
 h - a ring of protection from fire (left hand)
Scrolls
 g - a scroll of acquirement {unknown}
 k - a scroll of immolation {unknown}
 m - 2 scrolls of noise {unknown}
Potions
 e - a potion of curing {unknown}
 f - a potion of berserk rage {unknown}
 i - a potion of heal wounds {unknown}


   Skills:
 + Level 4.1 Fighting
 + Level 4.6 Short Blades
 + Level 5.0 Dodging


You had 3 spell levels left.
You didn't know any spells.
Your spell library was empty.

Dungeon Overview and Level Annotations

Branches:
Dungeon (2/15)

Altars:

Annotations:
D:2 Terence


Innate Abilities, Weirdness & Mutations

((You are very nimble when in or above water. (Stealth+, EV+, Speed+++)))
Your lower body shifts to a powerful aquatic tail in water.


Message History

You hit the kobold.
The kobold is moderately wounded.
The kobold hits you with a +0 club.
You barely miss the kobold.
The kobold is moderately wounded.
You hit the kobold but do no damage.
The kobold is moderately wounded.
The kobold barely misses you.
You hit the kobold but do no damage.
The kobold is moderately wounded.
The kobold barely misses you.
You hit the kobold.
The kobold is severely wounded.
The kobold barely misses you.
You hit the kobold.
You kill the kobold!
You hit Terence but do no damage.
Terence is almost dead.
You barely miss Terence.
Terence is almost dead.
Terence barely misses you.
You hit Terence but do no damage.
Terence is almost dead.
Terence hits you with a +1 flail of draining!
* * * LOW HITPOINT WARNING * * *
You feel drained.
* * * LOW HITPOINT WARNING * * *
Unknown command.
Unknown command.
You hit Terence but do no damage.
Terence is almost dead.
Terence barely misses you.
Unknown command.
You aren't carrying any items that you can evoke.
You hit Terence but do no damage.
Terence is almost dead.
You hit Terence but do no damage.
Terence is almost dead.
Terence hits you with a +1 flail of draining!
You die...

#>.....##.......
#.........#†....
#.......###..... #######
##.........#..... ##./...##
#..........#..... ##.......##
#..........[..###
#.........###..........#.....
#.........##.†###.##.........
#.........)@@## #.##.....###.
#.........#######..#.....##..
#..................@........#
##.......##########..##......
#...!....) #..K....##.
#.........# #.#@.##.###
#.........# #.....#.#
..........# ###..##.#.#
#.......#.#


You could see Terence.

Vanquished Creatures
  3 adders (D:2)
  A worm (D:2)
  2 dart slugs
  4 bats (D:1)
  7 endoplasms
  2 goblins
  A hobgoblin (D:1)
  7 jackals (D:1)
  3 ball pythons
  4 kobolds
  4 rats
38 creatures vanquished.

Notes
Turn   | Place    | Note
-------+----------+-------------------------------------------
     0 | D:1      | NinjaNoafa the Merfolk Monk began the quest for the Orb.
     0 | D:1      | Reached XP level 1. HP: 18/18 MP: 1/1
    72 | D:1      | Reached XP level 2. HP: 16/24 MP: 2/2
   188 | D:1      | Found a faded altar of an unknown god.
   450 | D:1      | Reached XP level 3. HP: 21/30 MP: 3/3
   710 | D:2      | Reached XP level 4. HP: 19/37 MP: 4/4
   783 | D:2      | Identified the staff of fire "Zamuoc" {rF+ rC+}
   790 | D:2      | Noticed Terence
   820 | D:2      | Reached skill level 5 in Dodging
   871 | D:2      | Slain by Terence

Illustrated notes

Levels and vault maps discovered:
D:1:      minmay_arrival_diagonal_passages, layout_rooms,
          shapermc_ecumenical_altar_mp_highgroup, chequers_avenue,
          minmay_small_reverse_x
D:2:      layout_rooms, kennysheep_generic_room_16, uniq_terence

Skill      XL: |  1  2  3  4 |
---------------+-------------+-----
Short Blades   | 4 |  4.6
Fighting       | 4 |  4.1
Dodging        | 5 |  5.0

Action                     |  1- 3 |  4- 6 || total
---------------------------+-------+-------++-------
  Melee: Short sword       |   139 |    56 ||   195
    Use: Potion            |     1 |     1 ||     2
 Armour: Robe              |    22 |     4 ||    26
  Dodge: Dodged            |   126 |    40 ||   166

Table legend: (Time is in decaauts)
 A = Elapsed time spent in this place.
 B = Non-inter-level travel time spent in this place.
 C = Inter-level travel time spent in this place.
 D = Time resting spent in this place.
 E = Time spent auto-exploring this place.
 F = Levels seen in this place.
 G = Mean time per level.
                   A        B        C        D        E       F      G
               +--------+--------+--------+--------+--------+-----+--------+
         Total |    830 |    800 |     30 |      0 |    354 |   2 |  415.0 |
       Dungeon |    830 |    800 |     30 |      0 |    354 |   2 |  415.0 |
               +--------+--------+--------+--------+--------+-----+--------+

Top non-repeatable levels by time:
     D:1: 567 daAuts
     D:2: 263 daAuts
